 Dungeon Crawl Stone Soup version 0.18.1-50-g88ac8fd (webtiles) character file.

98 magog001 the Stinger (level 4, -2/35 HPs)
             Began as a Draconian Venom Mage on Dec 8, 2016.
             Slain by an adder zombie (3 damage)
             ... while paralysed by Grinder
             ... on level 3 of the Dungeon.
             The game lasted 00:11:11 (1698 turns).

magog001 the Stinger (Draconian Venom Mage)         Turns: 1698, Time: 00:11:11

Health: -2/35      AC:  5    Str: 10    XL:     4   Next: 44%
Magic:  5/7        EV:  2    Int: 16    God:
Gold:   80         SH:  0    Dex: 12    Spells: 2 memorised, 5 levels left

rFire  . . .     SeeInvis .     f - +4 dagger (elec)
rCold  + . .     Gourm    .     (armour unavailable)
rNeg   . . .     Faith    .     (no shield)
rPois  .         Spirit   .     (helmet restricted)
rElec  .         Dismiss  .     (no cloak)
rCorr  .         Reflect  .     (no gloves)
SustAt .         Harm     .     (no boots)
MR     .....                    (no amulet)
Stlth  ++........               (no ring)
                                r - ring of protection from cold

@: paralysed, not resistant to hostile enchantments, unstealthy
A: unfitting armour, cold-blooded, AC +5
a: no special abilities


You were on level 3 of the Dungeon.
You were not hungry.

You visited 1 branch of the dungeon, and saw 3 of its levels.

You collected 80 gold pieces.

Inventory:

Hand Weapons
 d - a +0 whip
 f - a +4 dagger of electrocution (weapon)
 g - a +0 dagger
Missiles
 h - 52 bolts
Jewellery
 r - a ring of protection from cold (left hand)
Scrolls
 c - 3 scrolls of recharging
 j - a scroll of enchant armour {unknown}
 k - a scroll of identify
 l - a scroll of enchant weapon {unknown}
 n - a scroll of random uselessness {unknown}
 o - 2 scrolls of remove curse
Potions
 e - a potion of ambrosia {unknown}
 i - a potion of curing
 q - a potion of lignification {unknown}
Books
 a - a Young Poisoner's Handbook

   Spells                             Type                      Level
   a - Sting                          Conjuration/Poison           1
   b - Cure Poison                    Poison                       2
   c - Mephitic Cloud                 Conjuration/Poison/Air       3
   d - Olgreb's Toxic Radiance        Poison                       4
   e - Venom Bolt                     Conjuration/Poison           5
Comestibles
 b - 6 chunks of flesh
 m - 2 meat rations
 p - a beef jerky


   Skills:
 * Level 1.5 Fighting
 * Level 2.3 Dodging
 * Level 2.7 Stealth
 * Level 2.6 Spellcasting
 + Level 4.4 Poison Magic


You had 5 spell levels left.
You knew the following spells:

 Your Spells              Type           Power        Failure   Level  Hunger
a - Sting                 Conj/Pois      #...         10%         1    #......
b - Cure Poison           Pois           ###.......   6%          2    ##.....


Dungeon Overview and Level Annotations

Branches:
Dungeon (3/15)

Altars:
Kikubaaqudgha
Qazlal
Trog

Annotations:
D:3 Grinder


Innate Abilities, Weirdness & Mutations

Your plain brown scales are hard (AC +5).
Your body does not fit into most forms of armour.
You are cold-blooded and may be slowed by cold attacks.


Message History

Aim: Grinder (moderately wounded)
The sting misses Grinder.
Casting: Sting
Confirm with . or Enter, or press ? or * to list all spells.
Aiming: Sting
Press: ? - help, Shift-Dir - straight line, f/p - Grinder
Aim: Grinder (moderately wounded)
The sting hits Grinder.
Grinder completely resists.
Grinder is moderately wounded.
Grinder gestures at you.
You suddenly lose the ability to move!
Grinder hits you!
You writhe in agony.
* * * LOW HITPOINT WARNING * * *
Grinder hits you.
* * * LOW HITPOINT WARNING * * *
You writhe in agony.
* * * LOW HITPOINT WARNING * * *
The adder zombie bites you but does no damage.
Grinder completely misses you. The adder zombie bites you.
You die...

.....sP ##.....§§ #...... #
#..... # #. #..5# ..
####.##)..# #... .........#
...# ##......#####..# #
........#.@5..# .#
........#Z###########.###
....Z...÷.# #.........
###........### #......#
##............## #...8..#
#####....#....###..###......#
......#.#_#...####..........#
......#..#...###.........####
......#.....###..#########


You could see Grinder and an adder zombie.

Vanquished Creatures
  An iguana (D:3)
  A howler monkey zombie (D:3)
  5 worms
  2 dart slugs (D:1)
  A giant gecko (D:2)
  4 bats
  2 giant cockroaches
  6 goblins
  2 hobgoblins (D:1)
  A quokka (D:3)
  A ball python skeleton (D:3)
  3 giant newts
  7 kobolds
  9 rats
45 creatures vanquished.

Notes
Turn   | Place    | Note
--------------------------------------------------------------
     0 | D:1      | magog001 the Draconian Venom Mage began the quest for the Orb.
     0 | D:1      | Reached XP level 1. HP: 14/14 MP: 3/3
   223 | D:1      | Reached XP level 2. HP: 19/20 MP: 0/5
   710 | D:2      | Found a bloodstained altar of Trog.
   858 | D:2      | Learned a level 2 spell: Cure Poison
   862 | D:2      | Reached XP level 3. HP: 25/27 MP: 6/6
   912 | D:2      | Found an ancient bone altar of Kikubaaqudgha.
   963 | D:2      | Reached skill level 1 in Fighting
  1532 | D:2      | Found a stormy altar of Qazlal.
  1588 | D:3      | Found a faded altar to an unknown god.
  1592 | D:3      | Reached XP level 4. HP: 35/35 MP: 7/7
  1676 | D:3      | Noticed Grinder
  1693 | D:3      | Paralysed by Grinder for 7 turns
  1697 | D:3      | HP: 1/35 [Grinder (1)]
  1698 | D:3      | Slain by an adder zombie

Skill      XL: |  1  2  3 |
---------------+----------+-----
Dodging        | 2 |  2.3
Fighting       | 1 |  1.5
Stealth        | 2 |  2.7
Spellcasting   | |  2.6
Poison Magic   | |  4.4

Action                   |  1- 3 |  4- 6 || total
-------------------------+-------+-------++-------
Melee: Whip              |    30 |       ||    30
       Dagger            |    42 |    16 ||    58
       Tailslap          |     6 |     1 ||     7
 Cast: Sting             |    24 |     7 ||    31
  Use: Scroll            |     3 |       ||     3
       Potion            |     1 |       ||     1
 Stab: Sleeping          |     5 |       ||     5
  Eat: Chunk             |     2 |       ||     2
       Bread ration      |     1 |       ||     1
Armor: Skin              |    14 |     4 ||    18
Dodge: Dodged            |    43 |    12 ||    55
